cohdb
Replays
Latest Replays
All Replays
Popular Replays
Top Player Replays
Match Explorer
How It Works
Community
CoH3 Stats
Reddit
Sign in to upload your games and track your stats! →
Sign in with Steam
Match 45508492
Unlisted
Match 45508492
Overview
Messages
Build Orders
End
Construct Barracks
Selects Heavy Weapons
Riflemen Squad
Riflemen Squad
Construct Weapon Support Center
Selects M2HB .50cal Heavy Machine Gun
M1919 Machine Gun Team
Infantry Support Center
Riflemen Squad
Scooter
jcu
chenccc
毛主席的红小将
一十四叔
autumn
王大锤565727926
wpedsa
0
0
Comments
sign in to comment!
No comments posted yet!